 Dungeon Crawl Stone Soup version 0.30-a0-777-ga9a30cbeda (webtiles) character file.

Game seed: 13840172227687798811

205 DEFE the Trooper (level 5, -4/42 HPs)
             Began as a Demonspawn Wanderer on Feb 14, 2023.
             Slain by an iguana (8 damage)
             ... on level 4 of the Dungeon.
             The game lasted 00:03:41 (3263 turns).

DEFE the Trooper (Demonspawn Wanderer)              Turns: 3263, Time: 00:03:41

Health: -4/42      AC: 14    Str: 14    XL:     5   Next: 53%
Magic:  17/17      EV:  4    Int: 15    God:
Gold:   188        SH:  4    Dex: 11    Spells: 8/8 levels left

rFire   . . .      SeeInvis .    w - +0 quarterstaff
rCold   . . .      Faith    .    (shield currently unavailable)
rNeg    . . .      Spirit   .    z - +0 plate armour
rPois   .          Reflect  .    y - +0 helmet
rElec   .          Harm     .    (no cloak)
rCorr   .          Rampage  .    B - +0 pair of gloves
Will    .....                    (no boots) Stlth
                                 (no amulet)
HPRegen 0.27/turn                A - ring of magical power
MPRegen 0.15/turn                (no ring)

@: brilliant
A: large bone plates 1
a: no special abilities


You were on level 4 of the Dungeon.
You visited 1 branch of the dungeon, and saw 4 of its levels.

You collected 188 gold pieces.

Inventory:

Hand Weapons
 a - a +0 club
 w - a +0 quarterstaff (weapon)
 x - a +0 hand axe
Armour
 c - a +0 robe
 l - a +0 ring mail
 v - a +0 chain mail
 y - a +0 helmet (worn)
 z - a +0 plate armour (worn)
 B - a +0 pair of gloves (worn)
Jewellery
 g - a ring of fire
 A - a ring of magical power (left hand)
Scrolls
 d - a scroll of fog
 e - a scroll of vulnerability {unknown}
 f - a scroll of blinking {unknown}
 h - 4 scrolls of identify {unknown}
 j - 2 scrolls of amnesia {unknown}
 o - a scroll of magic mapping {unknown}
 q - 3 scrolls of teleportation {unknown}
 s - 2 scrolls of noise {unknown}
 t - a scroll of brand weapon {unknown}
Potions
 i - a potion of resistance {unknown}
 k - a potion of degeneration {unknown}
 m - a potion of brilliance
 n - 2 potions of lignification {unknown}
 p - a potion of curing {unknown}
 r - a potion of haste {unknown}
 u - a potion of heal wounds {unknown}
 C - a potion of mutation {unknown}


   Skills:
 - Level 4.0 Fighting
 + Level 2.4 Axes
 + Level 3.8 Armour
 - Level 2.0 Spellcasting
 - Level 2.1 Hexes
 - Level 1.8 Transmutations


You had 8 spell levels left.
You didn't know any spells.
Your spell library contained the following spells:

 Spells                   Type           Power      Damage    Failure   Level
 Sandblast                Erth           4%         2d4       100%        1
 Slow                     Hex            44%        N/A       100%        1
 Sting                    Tmut/Pois      24%        1d4       100%        1
 Cigotuvi's Dreadful Rot  Necr/Pois/Air  4%         N/A       100%        2
 Passwall                 Tmut/Erth      5%         N/A       100%        2
 Poisonous Vapours        Pois/Air       4%         N/A       100%        2
 Wereblood                Tmut           10%        N/A       100%        2
 Ignite Poison            Fire/Tmut/Pois 5%         N/A       100%        3
 Kindle Blastsparks       Fire/Tloc/Air  4%         2d10      100%        3
 Mephitic Cloud           Conj/Pois/Air  2%         N/A       100%        3
 Portal Projectile        Hex/Tloc       14%        N/A       100%        3
 Stone Arrow              Conj/Erth      4%         3d7       100%        3
 Tukima's Dance           Hex            11%        N/A       100%        3
 Blade Hands              Tmut           5%         N/A       100%        5
 Freezing Cloud           Conj/Ice/Air   1%         6-21      100%        5


Dungeon Overview and Level Annotations

Branches:
Dungeon (4/15)
 Temple: D:4-7

Altars:
Fedhas
Hepliaklqana
Kikubaaqudgha
Xom

Shops:
D:1 [


Innate Abilities, Weirdness & Mutations

You are partially covered in large bone plates. (SH +4)


Message History

You hit the gnoll. The gnoll hits you with a +0 flail.
You take 2 damage, and have 34/42 hp.
You hit the gnoll.
You kill the gnoll!
No target in view!
No target in view!
No target in view!
No target in view!
No target in view!
You now have 188 gold pieces (gained 12).
Things that are here:
a +0 flail; a gnoll corpse
There is a stone staircase leading down, spattered with blood here.
You start resting.
Health restored: 42 You climb downwards.
The iguana bites you.
There is a stone staircase leading up here.
You take 2 damage, and have 40/42 hp.
You closely miss the iguana. The iguana bites you.
The iguana bites you but does no damage.
You hit the iguana but do no damage. The iguana bites you!
You take 11 damage, and have 29/42 hp.
MASSIVE DAMAGE!!
You hit the iguana. The iguana barely misses you.
You hit the iguana but do no damage. The iguana barely misses you.
You hit the iguana. The iguana bites you! x2
You take 16 damage, and have 14/42 hp.
MASSIVE DAMAGE!!
You closely miss the iguana.
The iguana bites you but does no damage.
Unknown command.
You barely miss the iguana. The iguana bites you!
* * * LOW HITPOINT WARNING * * *
You take 10 damage, and have 4/42 hp.
MASSIVE DAMAGE!!
Unknown command.
It was a potion of brilliance.
You feel clever all of a sudden. The iguana bites you!
You die...

#.#.##.#####
#.#........#
#.####.###.#
#####........#.#
.......#...#.#.#
######.#...#.#.#
...........#.#.#
######.##..#...###
.....l.##......l@#
#####..###.#######
...........#
####..############
.................#
..#############.##
. #.# #.# #.#


You could see an iguana.

Vanquished Creatures
  A water moccasin (D:3)
  A hound (D:4)
  A gnoll (D:3)
  An adder (D:2)
  A dart slug (D:3)
  2 orcs
  5 endoplasms
  2 giant cockroaches
  A goblin (D:1)
  8 hobgoblins
  2 jackals (D:1)
  4 kobolds
  2 quokkas (D:2)
  8 ball pythons
  5 bats
  3 frilled lizards
  7 rats
54 creatures vanquished.

Notes
Turn   | Place    | Note
-------+----------+-------------------------------------------
     0 | D:1      | DEFE the Demonspawn Wanderer began the quest for the Orb.
     0 | D:1      | DEFE set off with the following items: a +0 club, a scroll
                  | of fear, a +0 robe, a scroll of fog; and the following
                  | spells available to memorise: Slow, Sting, Wereblood,
                  | Tukima's Dance, Ignite Poison.
     0 | D:1      | Reached XP level 1. HP: 19/19 MP: 3/3
    24 | D:1      | Found Adibru's Armour Shoppe.
   255 | D:1      | Found a faded altar of an unknown god.
   379 | D:1      | Reached skill level 1 in Armour
   379 | D:1      | Gained mutation: You are partially covered in large bone
                  | plates. (SH +4) [demonic ancestry]
   379 | D:1      | Reached XP level 2. HP: 15/25 MP: 5/5
  1400 | D:2      | Reached XP level 3. HP: 15/30 MP: 6/6
  2644 | D:3      | Found an ancient bone altar of Kikubaaqudgha.
  2648 | D:3      | Found a shimmering altar of Xom.
  2649 | D:3      | Found a hazy altar of Hepliaklqana.
  2653 | D:3      | Found a blossoming altar of Fedhas.
  2871 | D:3      | Noticed a water moccasin
  2884 | D:3      | Killed a water moccasin
  2885 | D:3      | Reached XP level 4. HP: 24/37 MP: 7/7
  2885 | D:3      | Reached XP level 5. HP: 27/42 MP: 8/8
  3263 | D:4      | Slain by an iguana

Illustrated notes

Levels and vault maps discovered:
D:1:      nzn_arrival_depleted_hourglass, layout_basic, serial_shops, shop,
          shapermc_ecumenical_altar_pompeii, minmay_shallow_snake_nest
D:2:      layout_basic
D:3:      layout_basic, minitemple, grunt_ministairs_15,
          minmay_misc_feat_nine_boxes, minmay_box_of_dots
D:4:      layout_basic, grunt_temple_overflow_lords_of_destruction,
          kennysheep_generic_room_4

Skill      XL: |  1  2  3 |
---------------+----------+-----
Armour         | 1 2 3 |  3.8
Axes           | 2 |  2.4
Fighting       | |  4.0
Spellcasting   | |  2.0
Hexes          | |  2.1
Transmutations | |  1.8

Action                     |  1- 3 |  4- 6 || total
---------------------------+-------+-------++-------
  Melee: Club              |   170 |       ||   170
         Punch             |     2 |       ||     2
         Quarterstaff      |    38 |    34 ||    72
    Use: Scroll            |       |     1 ||     1
         Potion            |       |     1 ||     1
 Armour: Robe              |    15 |       ||    15
         Ring mail         |    31 |       ||    31
         Plate armour      |    34 |    25 ||    59
         Chain mail        |     6 |       ||     6
  Dodge: Dodged            |   115 |    11 ||   126
  Block: Other             |    44 |     5 ||    49

Table legend: (Time is in decaauts)
 A = Elapsed time spent in this place.
 B = Non-inter-level travel time spent in this place.
 C = Inter-level travel time spent in this place.
 D = Time resting spent in this place.
 E = Time spent auto-exploring this place.
 F = Levels seen in this place.
 G = Mean time per level.
                   A        B        C        D        E       F      G
               +--------+--------+--------+--------+--------+-----+--------+
         Total |   3334 |   3293 |     41 |    462 |   2141 |   4 |  833.5 |
       Dungeon |   3334 |   3293 |     41 |    462 |   2141 |   4 |  833.5 |
               +--------+--------+--------+--------+--------+-----+--------+

Top non-repeatable levels by time:
     D:1: 1124 daAuts
     D:2: 992 daAuts
     D:3: 968 daAuts
     D:4: 249 daAuts
